 Dungeon Crawl Stone Soup version 0.22-a0-165-g89cf10f13c (webtiles) character file.

19 Fuhrer the Charmwright (level 2, 10/26 HPs)
             Began as a Deep Dwarf Skald on Feb 13, 2018.
             Quit the game on level 1 of the Dungeon.
             The game lasted 00:03:11 (199 turns).

Fuhrer the Charmwright (Deep Dwarf Skald)            Turns: 199, Time: 00:03:11

Health: 10/26      AC:  3    Str: 14    XL:     2   Next: 55%
Magic:  4/4        EV: 12    Int: 13    God:
Gold:   8          SH:  0    Dex: 12    Spells: 3/4 levels left

rFire    . . .     SeeInvis .   a - +0 hand axe
rCold    . . .     Gourm    .   (no shield)
rNeg     . . .     Faith    .   b - +0 leather armour
rPois    .         Spirit   .   (no helmet)
rElec    .         Reflect  .   (no cloak)
rCorr    .         Harm     .   (no gloves)
MR       .....                  (no boots)
Stlth    +.........             (no amulet)
HPRegen  0.00/turn              (no ring)
MPRegen  0.09/turn              (no ring)

@: non-regenerating
A: damage resistance, heal wounds, sense surroundings 1, no regeneration
a: Heal Wounds


You were on level 1 of the Dungeon.
You were not hungry.

You visited 1 branch of the dungeon, and saw 1 of its levels.

You collected 8 gold pieces.

Inventory:

Hand Weapons
 a - a +0 hand axe (weapon)
Armour
 b - a +0 leather armour (worn)
Scrolls
 g - a scroll of random uselessness {unknown}
Potions
 e - a potion of curing {unknown}
Books
 c - a book of Battle

   Spells                             Type                      Level
   a - Infusion                       Charms                       1
   b - Shroud of Golubria             Charms/Translocation         2
   c - Song of Slaying                Charms                       2
   d - Spectral Weapon                Hexes/Charms                 3
   e - Regeneration                   Charms/Necromancy            3
Comestibles
 d - 2 rations
 f - 11 chunks of flesh


   Skills:
 + Level 2.0 Fighting
 * Level 2.7 Axes
 + Level 1.5 Armour
 + Level 2.4 Dodging
 - Level 1.7 Spellcasting
 + Level 2.8 Charms


You had 3 spell levels left.
You knew the following spells:

 Your Spells              Type           Power        Failure   Level  Hunger
a - Infusion              Chrm           #...         10%         1    ##.....


Dungeon Overview and Level Annotations

Branches:
Dungeon (1/15)

Altars:


Innate Abilities, Weirdness & Mutations

You are resistant to damage.
You can heal yourself by infusing magical energy.
You passively map a small area around you.
You do not regenerate.


Message History

You hit the kobold.
You kill the kobold!
Things that are here:
a dagger; 4 stones; a kobold corpse The kobold shouts!
You see here a stone.
Found a ration.
You hit the kobold but do no damage. The kobold barely misses you.
You hit the kobold but do no damage. The kobold closely misses you.
You hit the kobold but do no damage. The kobold closely misses you.
You hit the kobold.
You kill the kobold!
You see here a whip.
d - 2 rations (gained 1)
Found a ring mail.
Found 4 large rocks.
You see here a ring mail.
Quiver which item? (- for none, * to show all) (? for menu, Esc to quit)
Okay, then.
Are you sure you want to abandon this character and quit the game? (Confirm with "yes".)

* ♣##.##.##.........#
♣##.##)(..#♣.....♣###
♣...>.##..)..♣.♣....#
♣.....###...........#
♣.....# ##..........#
♣###.########..######
... #......##
..(..#.######
,............@#
..............#
...............#
.......#.....#
.......#.....#
....♣.♣#......# ,
......,..$.....#
.(.♣.♣#..PP...# , ,


There were no monsters in sight!

Vanquished Creatures
  A dart slug (D:1)
  A leopard gecko (D:1)
  3 goblins (D:1)
  2 hobgoblins (D:1)
  4 kobolds (D:1)
  A ball python (D:1)
  A bat (D:1)
  2 rats (D:1)
15 creatures vanquished.

Notes
Turn   | Place    | Note
-------+----------+-------------------------------------------
     0 | D:1      | Fuhrer the Deep Dwarf Skald began the quest for the Orb.
     0 | D:1      | Reached XP level 1. HP: 19/19 MP: 3/3
    70 | D:1      | Reached XP level 2. HP: 21/26 MP: 0/4
   199 | D:1      | Quit the game

Vault maps used:
D:1:      dpeg_arrival_subterranean_lakeside_camping, serial_forest,
          infiniplex_forest_clump_long, infiniplex_forest_corner_1,
          infiniplex_forest_lined_2, infiniplex_forest_clump_small,
          infiniplex_forest_lined_ring, infiniplex_forest_straight_3

Skill      XL: |  1  2 |
---------------+-------+-----
Fighting       | 2 |  2.0
Axes           | |  2.7
Armour         | |  1.5
Dodging        | |  2.4
Spellcasting   | |  1.7
Charms         | |  2.8

Action                   || total
-------------------------++-------
Melee: Hand axe          ||    53
 Cast: Infusion          ||     3
Armor: Leather armour    ||    12
Dodge: Dodged            ||    22

Table legend:
 A = Spawn XP
 B = Non-spawn XP
 C = Spawn XP percentage of total XP
 D = Spawn monster count
 E = Non-spawn monster count
 F = Spawn count percentage of total count
 G = Total turns spent on level
                    A         B        C        D         E        F      G
               +---------+---------+-------+---------+---------+-------+---------
         Total |       0 |      28 |   0.0 |       0 |      15 |   0.0 |   199
               +---------+---------+-------+---------+---------+-------+---------
           D:1 |       0 |      28 |   0.0 |       0 |      15 |   0.0 |   199
               +---------+---------+-------+---------+---------+-------+---------
